 Dungeon Sprint DCSS version 0.28-a0-1356-g2ad6d04315 (webtiles) character file.

Game seed: 6555066010150913630

114 mhtbhm the Cudgeller (level 5, -18/47 HPs)
             Began as a Human Berserker on Dec 30, 2021.
             Was a Priest of Trog.
             Demolished by an ogre (24 damage)
             ... in the Dungeon (Sprint IX: "|||||||||||||||||||||||||||||").
             The game lasted 00:00:29 (259 turns).

mhtbhm the Cudgeller (Human Berserker)               Turns: 259, Time: 00:00:29

Health: -18/47     AC:  2    Str: 19    XL:     5   Next: 18%
Magic:  5/5        EV: 13    Int:  8    God:    Trog [***...]
Gold:   0          SH:  0    Dex: 12    Spells: 4/4 levels left

rFire   . . .      SeeInvis .   a - +0 mace
rCold   . . .      Faith    .   (no shield)
rNeg    . . .      Spirit   .   b - +0 animal skin
rPois   .          Reflect  .   (no helmet)
rElec   .          Harm     .   (no cloak)
rCorr   .          Rampage  .   (no gloves)
Will    .....      NoTele   +   (no boots)
Stlth   +.........              (no amulet)
HPRegen 0.15/turn               (no ring)
MPRegen 0.09/turn               (no ring)

@: on berserk cooldown, hasted and slowed
A: no striking features
a: Renounce Religion, Berserk, Trog's Hand


You were in the Dungeon.
You worshipped Trog.
Trog was most pleased with you.
You visited 1 branch

Inventory:

Hand Weapons
 a - a +0 mace (weapon)
Armour
 b - a +0 animal skin (worn)
Scrolls
 h - a scroll of blinking
Potions
 c - a potion of curing
 f - 2 potions of magic
 g - a potion of berserk rage


   Skills:
 + Level 6.4 Fighting
 + Level 6.6 Maces & Flails
 + Level 3.2 Armour
 + Level 4.0 Dodging


You had 4 spell levels left.
You didn't know any spells.
Your spell library was empty.

Dungeon Overview and Level Annotations

Branches:
Dungeon (1/1)

Altars:


Message History

You sock the phantom!
You destroy the phantom!
Trog accepts your kill.
Your Fighting skill gained 2 levels and is now at level 6!
Your Maces & Flails skill gained 2 levels and is now at level 6!
Your Armour skill increases to level 3!
Your Dodging skill increases to level 4!
You have reached level 4!
You feel clever.
You have reached level 5!
Press: ? - help, v - describe, . - travel, g - get item
Here: an orc, wielding a +2 vorpal mace and wearing a +0 leather armour Item here: an iguana corpse.
An open door.
Unknown command.
You barely miss the orc. The orc misses you.
You thump the orc!
You kill the orc!
Trog accepts your kill.
You are no longer berserk.
You are exhausted.
You feel yourself slow down.
You thump the ogre!
The ogre is moderately wounded.
The ogre closely misses you.
Unknown command.
Okay, then.
You feel yourself speed up. The ogre hits you with a +0 giant club.
Things that are here:
a +0 dagger; a frilled lizard skeleton; a goblin skeleton
There is an open door to the Dungeon here.
You feel much better.
The ogre hits you with a +0 giant club!!
Ouch! That really hurt!
* * * LOW HITPOINT WARNING * * *
You barely miss the ogre.
The ogre is moderately wounded.
The ogre hits you with a +0 giant club!!
Ouch! That really hurt!
You die...

▓▓▓
▓<▓
▓@▓
▓O▓
▓.▓
▓'▓
▓)▓
▓.▓
▓.▓
▓.▓
▓.▓


You could see an ogre.

Vanquished Creatures
  A phantom (D)
  An iguana (D)
  A dart slug (D)
  An orc (D)
  2 giant cockroaches (D)
  A goblin (D)
  A frilled lizard (D)
  A quokka skeleton (D)
9 creatures vanquished.

Notes
Turn   | Place    | Note
-------+----------+-------------------------------------------
     0 | D        | mhtbhm the Human Berserker began the quest for the Orb.
     0 | D        | Reached XP level 1. HP: 18/18 MP: 1/1
    10 | D        | Reached ** piety under Trog
    21 | D        | Reached XP level 2. HP: 17/25 MP: 2/2
   229 | D        | Noticed a phantom
   229 | D        | Noticed an ogre
   237 | D        | Reached XP level 3. HP: 32/32 MP: 3/3
   237 | D        | Reached *** piety under Trog
   245 | D        | Killed a phantom
   246 | D        | Reached XP level 4. HP: 38/41 MP: 4/4
   246 | D        | Reached XP level 5. HP: 44/47 MP: 5/5
   259 | D        | Demolished by an ogre

Illustrated notes

Levels and vault maps discovered:
D:        linesprint [early_d, line_temple, items_1, d_10, items_2, lair_1,
          lair_end, items_3, orc_1, orc_end, items_4, d_15, swamp_1, shoals_1,
          snake_1, spider_1, d_20, vaults_1, items_5, swamp_end, shoals_end,
          snake_end, spider_end, vaults_end, d_27, items_6, zot_1, zot_end,
          crypt_end, forest_end, elf_end, slime_end, tomb_end, abyss_end,
          pan_hell_end]

Skill      XL: |  1  2  3 |
---------------+----------+-----
Fighting       | 4 6 |  6.4
Maces & Flails | 4 6 |  6.6
Dodging        | 3 4 |  4.0
Armour         | 3 |  3.2

Action                   |  1- 3 |  4- 6 || total
-------------------------+-------+-------++-------
Melee: Mace              |    39 |     4 ||    43
Invok: Berserk           |     1 |       ||     1
  Use: Potion            |       |     2 ||     2
Armor: Animal skin       |     9 |       ||     9
Dodge: Dodged            |    21 |     2 ||    23

Table legend: (Time is in decaauts)
 A = Elapsed time spent in this place.
 B = Non-inter-level travel time spent in this place.
 C = Inter-level travel time spent in this place.
 D = Time resting spent in this place.
 E = Time spent auto-exploring this place.
 F = Levels seen in this place.
 G = Mean time per level.
                   A        B        C        D        E       F      G
               +--------+--------+--------+--------+--------+-----+--------+
         Total |    262 |    262 |      0 |    195 |      3 |   1 |  262.0 |
       Dungeon |    262 |    262 |      0 |    195 |      3 |   1 |  262.0 |
               +--------+--------+--------+--------+--------+-----+--------+

Top non-repeatable levels by time:
       D: 262 daAuts
